 Dungeon Crawl Stone Soup version 0.26.1-11-gd32895ea62 (webtiles) character file.

Game seed: 18114679568333879476

508 Zeld the Chopper (level 6, -2/84 HPs)
             Began as a Minotaur Berserker on July 23, 2021.
             Was a Priest of Trog.
             Slain by a wraith (6 damage)
             ... in an ossuary on July 29, 2021.
             The game lasted 00:05:39 (5116 turns).

Zeld the Chopper (Minotaur Berserker)               Turns: 5116, Time: 00:05:40

Health: -2/84      AC:  2    Str: 24    XL:     6   Next: 98%
Magic:  5/5        EV: 13    Int:  4    God:    Trog [***...]
Gold:   185        SH:  0    Dex:  9    Spells: 5/5 levels left

rFire    . . .     SeeInvis .   a - +0 hand axe
rCold    . . .     Faith    .   (no shield)
rNeg     . . .     Spirit   .   b - +0 animal skin
rPois    .         Reflect  .   (helmet restricted)
rElec    .         Harm     .   (no cloak)
rCorr    .         Rampage  .   (no gloves)
Will     .....                  (no boots)
Stlth    ..........             (no amulet)
HPRegen  0.24/turn              (no ring)
MPRegen  0.09/turn              (no ring)

@: berserking, slowed
A: retaliatory headbutt, horns 2
a: Renounce Religion, Berserk, Trog's Hand


You were in an ossuary.
You worshipped Trog.
Trog was most pleased with you.
You visited 1 branch of the dungeon, and saw 5 of its levels.
You also visited: Ossuary.

You collected 185 gold pieces.

Inventory:

Hand Weapons
 a - a +0 hand axe (weapon)
Armour
 b - a +0 animal skin (worn)
Jewellery
 d - an uncursed ring of flight {unknown}
 i - an uncursed amulet of guardian spirit {unknown}
 j - an uncursed ring of resist corrosion {unknown}
 q - an uncursed ring of see invisible {unknown}
Wands
 w - a wand of polymorph (7)
Scrolls
 c - 3 scrolls of remove curse {unknown}
 k - a scroll of teleportation {unknown}
 l - a scroll of blinking
 o - a scroll of fear
 p - 2 scrolls of enchant armour
 u - 2 scrolls of magic mapping {unknown}
 v - a scroll of identify
 x - a scroll of random uselessness {unknown}
Potions
 e - a potion of attraction {unknown}
 f - 5 potions of might {unknown}
 g - 3 potions of lignification {unknown}
 h - 4 potions of curing {unknown}
 m - a potion of flight {unknown}
 n - a potion of haste {unknown}
 r - a potion of heal wounds {unknown}
 s - 2 potions of brilliance {unknown}
 t - a potion of berserk rage {unknown}


   Skills:
 + Level 5.3 Fighting
 * Level 6.6 Axes
 + Level 4.5 Armour
 + Level 4.1 Dodging


You had 5 spell levels left.
You didn't know any spells.
Your spell library was empty.

Dungeon Overview and Level Annotations

Branches:
Dungeon (5/15)            Ossuary (1/1)
 Temple: D:4-7

Altars:
Ashenzari
Cheibriados
Elyvilon
Hepliaklqana
Ru
Trog
Vehumet


Innate Abilities, Weirdness & Mutations

You reflexively headbutt those who attack you in melee.
You have a pair of horns on your head.


Message History

The wraith drains your vigour!
You feel as though you will be slow longer.
You barely miss the wraith. You headbutt the wraith.
The wraith is lightly damaged.
The wraith hits you! The wraith drains your vigour!
You feel as though you will be slow longer.
The wraith hits you!
* * * LOW HITPOINT WARNING * * *
The wraith drains your vigour!
You feel as though you will be slow longer.
A red film seems to cover your vision as you go berserk!
You feel yourself moving faster!
You feel mighty! The wraith misses you.
You closely miss the wraith. You headbutt the wraith!!
The wraith is severely damaged.
The wraith hits you.
* * * LOW HITPOINT WARNING * * *
You hit the wraith. Your headbutt misses the wraith.
The wraith is almost destroyed.
The wraith hits you.
You die...

#################
#.. ..........@.#
#.+ #..###..##W.#
#.# #..#z#..#.#.# #
#.###..###..###.# #
#...............#
###.###.......###.#
..'.# #.......#z#.#
###.###.......###.#
# #...............#


You could see a wraith and a flying skull.

Vanquished Creatures
  An ogre (D:4)
  A scorpion (D:4)
  2 wights (Ossuary)
  A howler monkey (D:4)
  A jelly (D:3)
  A bullfrog skeleton (D:5)
  An iguana (D:5)
  Terence (D:3)
  4 adders
  2 oozes
  4 adder zombies (Ossuary)
  An adder skeleton (D:5)
  2 dart slugs
  2 leopard geckos (D:3)
  3 orcs (D:3)
  3 ball pythons
  7 bats
  4 giant cockroaches
  8 goblins
  9 hobgoblins
  6 kobolds
  4 quokkas
  A ball python skeleton (Ossuary)
  2 frilled lizards
  A kobold zombie (Ossuary)
  An orc skeleton (Ossuary)
  An orc zombie (Ossuary)
  6 rats
80 creatures vanquished.

Notes
Turn   | Place    | Note
-------+----------+-------------------------------------------
     0 | D:1      | Zeld the Minotaur Berserker began the quest for the Orb.
     0 | D:1      | Reached XP level 1. HP: 19/19 MP: 0/0
   481 | D:1      | Reached XP level 2. HP: 27/27 MP: 1/1
   530 | D:1      | Reached skill level 4 in Axes
  1070 | D:2      | Reached XP level 3. HP: 33/33 MP: 2/2
  1384 | D:2      | Reached ** piety under Trog
  1992 | D:2      | Found a bloodstained altar of Trog.
  2204 | D:3      | Found a sacrificial altar of Ru.
  2218 | D:3      | Reached XP level 4. HP: 13/40 MP: 3/3
  2529 | D:3      | Noticed Terence
  2541 | D:3      | Killed Terence
  2542 | D:3      | Reached skill level 5 in Axes
  3157 | D:3      | Reached XP level 5. HP: 44/47 MP: 4/4
  3183 | D:3      | Found a radiant altar of Vehumet.
  3235 | D:4      | Found a snail-covered altar of Cheibriados.
  3545 | D:4      | Noticed an ogre
  3553 | D:4      | Killed an ogre
  3554 | D:4      | Reached XP level 6. HP: 55/55 MP: 5/5
  3836 | D:4      | Reached skill level 6 in Axes
  3858 | D:4      | Found a white marble altar of Elyvilon.
  3895 | D:4      | Reached skill level 5 in Fighting
  4143 | D:5      | Entered Level 5 of the Dungeon
  4262 | D:5      | Found a broken altar of Ashenzari.
  4288 | D:5      | Found a hazy altar of Hepliaklqana.
  4561 | D:5      | Found a sand-covered staircase.
  4613 | Ossuary  | Entered an ossuary
  4652 | Ossuary  | Reached *** piety under Trog
  5046 | Ossuary  | Noticed a wraith
  5046 | Ossuary  | Noticed a flying skull
  5081 | Ossuary  | Noticed a flying skull
  5100 | Ossuary  | Noticed a flying skull
  5102 | Ossuary  | Noticed a flying skull
  5107 | Ossuary  | Noticed a wraith
  5115 | Ossuary  | HP: 4/84 [wraith (4)]
  5116 | Ossuary  | Slain by a wraith

Illustrated notes

Levels and vault maps discovered:
D:1:      sevenhm_arrival_forest_fort_small_5, layout_basic,
          minmay_misc_feat_roman
D:2:      layout_loops_corners, lemuel_coloured_pillars_altar
D:3:      layout_loops_cross, lemuel_doored_altar, marbit_many_paths,
          uniq_terence
D:4:      layout_basic, elyvilon_altar_1, kennysheep_slug_shrine, dk_vineyard_2
D:5:      layout_basic, kennysheep_mini, kennysheep_mini_moat,
          overflow_temple_1_default, nicolae_ossuary_entry_false_entrances,
          goddamned_bats
Ossuary:  ossuary_due_cavern

Skill      XL: |  1  2  3  4  5  6 |
---------------+-------------------+-----
Axes           | 4 5 6 |  6.6
Fighting       | 4 5 |  5.3
Armour         | 3 4 |  4.5
Dodging        | 3 4 |  4.1

Action                   |  1- 3 |  4- 6 || total
-------------------------+-------+-------++-------
Melee: Hand axe          |    72 |   109 ||   181
       Headbutt          |    12 |    25 ||    37
Invok: Berserk           |       |     2 ||     2
  Use: Scroll            |       |     5 ||     5
 Stab: Sleeping          |     1 |       ||     1
Armor: Animal skin       |    17 |     7 ||    24
Dodge: Dodged            |    44 |    63 ||   107
